 Dungeon Crawl Stone Soup version 0.29.1-4-g47bece8355 (webtiles) character file.

Game seed: 10061991524602611638

422 concernfroge the Trooper (level 6, -1/55 HPs)
             Began as a Mummy Monk on Dec 10, 2022.
             Engulfed by a cloud of steam (19 damage)
             ... on level 3 of the Dungeon.
             The game lasted 00:06:26 (3326 turns).

concernfroge the Trooper (Mummy Monk)               Turns: 3326, Time: 00:06:27

Health: -1/55      AC:  8    Str: 17    XL:     6   Next: 63%
Magic:  6/6        EV:  7    Int:  9    God:
Gold:   146        SH:  0    Dex: 14    Spells: 5/5 levels left

rFire   x . .      SeeInvis +   n - +0 war axe (flame)
rCold   + . .      Faith    .   (no shield)
rNeg    + + +      Spirit   .   b - +0 chain mail
rPois   ∞          Reflect  .   (no helmet)
rElec   .          Harm     .   (no cloak)
rCorr   .          Rampage  .   (no gloves)
Will    .....                   (no boots)
Stlth   ..........              f - amulet of regeneration
HPRegen 0.98/turn               g - ring of see invisible
MPRegen 0.10/turn               (no ring)

@: no status effects
A: cold resistance 1, negative energy resistance 3, torment resistance 2, heat
vulnerability 1, in touch with death 1, no potions
a: no special abilities


You were on level 3 of the Dungeon.
You visited 1 branch of the dungeon, and saw 3 of its levels.

You collected 146 gold pieces.

Inventory:

Hand Weapons
 n - a +0 war axe of flaming (weapon)
Missiles
 c - 2 atropa-tipped darts (quivered)
 e - a throwing net
Armour
 b - a +0 chain mail (worn)
Jewellery
 f - an amulet of regeneration (around neck)
 g - a ring of see invisible (left hand)
Scrolls
 d - a scroll of blinking
 h - a scroll of torment
 i - a scroll of poison
 j - a scroll of amnesia
 l - 2 scrolls of noise {unknown}


   Skills:
 + Level 7.6 Fighting
 - Level 2.4 Polearms
 - Level 2.4 Dodging
 - Level 1.5 Stealth


You had 5 spell levels left.
You didn't know any spells.
Your spell library contained the following spells:

 Spells                   Type           Power      Damage    Failure   Level
 Foxfire                  Conj/Fire      0%         2x1d4     100%        1
 Conjure Flame            Conj/Fire      0%         6-21      100%        3
 Inner Flame              Hex/Fire       0%         N/A       100%        3
 Flame Wave               Conj/Fire      0%         2d4       100%        4


Dungeon Overview and Level Annotations

Branches:
Dungeon (3/15)

Altars:
Cheibriados
Gozag


Innate Abilities, Weirdness & Mutations

You are immune to poison.
Your flesh is cold resistant. (rC+)
You are immune to negative energy. (rN+++)
You are immune to unholy pain and torment.
You are vulnerable to heat. (rF-)
You are in touch with the powers of death.
You do not drink.


Message History

As you read the scroll labelled POTSITZ NEITZ, it crumbles to dust.
It is a scroll of brand weapon.
Your +0 war axe is engulfed in flames!
n - a +0 war axe of flaming (weapon)
The air fills with toxic fumes!
As you read the scroll labelled NEXOFUE SYLUDUDWE, it crumbles to dust.
It was a scroll of poison.
The kobold hits you but does no damage.
You closely miss the kobold. The kobold hits you but does no damage.
The steam dragon is engulfed in poison gas.
The steam dragon is poisoned.
The kobold hits you with a +0 dagger.
The steam dragon is engulfed in poison gas.
The steam dragon looks even sicker.
You completely miss the kobold. The kobold completely misses you.
The steam dragon is engulfed in poison gas.
The steam dragon looks even sicker.
You barely miss the kobold. The kobold barely misses you.
The steam dragon is engulfed in poison gas.
The steam dragon looks as sick as possible!
You slash the kobold! You burn the kobold.
You kill the kobold!
The steam dragon looks as sick as possible!
The steam dragon bites you. The steam dragon barely misses you.
You closely miss the steam dragon.
The steam dragon is almost dead.
The steam dragon breathes steam at you. The ball of steam hits you!!
The steam scalds you terribly!
You hear a shout!
You closely miss the steam dragon.
The steam dragon is almost dead.
You are engulfed in a cloud of scalding steam.
You kill the steam dragon!
The steam dragon scales are intact enough to wear.
The kobold picks up +0 steam dragon scales.
The kobold wears +0 steam dragon scales.
The kobold hits you but does no damage.
Your Fighting skill increases to level 7!
You hit the kobold. You burn the kobold.
You kill the kobold!
You are engulfed in a cloud of scalding steam.
You die...

#.....##'# #'##.....#.#
#...###.)#
§○#.)###...#.#
#..##.#..# §☼#..#
##..#.# ##.'÷.#..#
§○#..# ..#.# #.##.#..#
..#..# .....
########.☼###[.# §§#..#
..#.# .).....##°☼☼####
☼○####§ #.#.#
######.####§§°§##)##☼°§°
#.# ##.#§☼@○§○§§§#
#.#####.#☼○°°°°§☼°○
#).)..☼§°○§########
#)########°# #.# #○# #)#
#§# #.# #§# #.. ○§# #.#


There were no monsters in sight!

Vanquished Creatures
  A steam dragon (D:3)
  A hound (D:3)
  Terence (D:2)
  4 orc wizards (D:3)
  3 gnolls (D:3)
  3 adders (D:2)
  A worm (D:2)
  2 dart slugs
  4 orcs (D:3)
  4 endoplasms
  2 giant cockroaches
  6 goblins
  3 hobgoblins
  6 jackals
  7 kobolds
  2 quokkas
  4 ball pythons
  6 bats
  6 frilled lizards
  6 rats
72 creatures vanquished.

Vanquished Creatures (others)
  16 demonic plants (D:3)
  11 fungi (D:3)
  5 plants (D:3)
  5 withered plants (D:3)
37 creatures vanquished.

Grand Total: 109 creatures vanquished

Notes
Turn   | Place    | Note
-------+----------+-------------------------------------------
     0 | D:1      | concernfroge the Mummy Monk began the quest for the Orb.
     0 | D:1      | Reached XP level 1. HP: 18/18 MP: 1/1
   367 | D:1      | Reached XP level 2. HP: 21/24 MP: 2/2
   546 | D:1      | Reached skill level 4 in Fighting
   921 | D:2      | Gained mutation: You are in touch with the powers of death.
                  | [Mummy growth]
   921 | D:2      | Reached XP level 3. HP: 13/30 MP: 3/3
  1861 | D:2      | Noticed Terence
  2056 | D:2      | Reached skill level 5 in Fighting
  2056 | D:2      | Reached XP level 4. HP: 33/39 MP: 4/4
  2211 | D:2      | Killed Terence
  2573 | D:3      | Reached XP level 5. HP: 12/46 MP: 5/5
  2851 | D:3      | Found a snail-covered altar of Cheibriados.
  2852 | D:3      | Found an opulent altar of Gozag.
  2903 | D:3      | Reached skill level 6 in Fighting
  3199 | D:3      | Reached XP level 6. HP: 53/53 MP: 6/6
  3316 | D:3      | Noticed a steam dragon
  3325 | D:3      | Killed a steam dragon
  3326 | D:3      | Reached skill level 7 in Fighting
  3326 | D:3      | Engulfed by a cloud of steam

Illustrated notes

Levels and vault maps discovered:
D:1:      lightli_arrival_quake, layout_loops_ring
D:2:      layout_rooms, serial_park_tiny_1,
          nicolae_concentric_dashed_squares_mild, uniq_terence
D:3:      layout_loops_ring, nicolae_overflow_hidden_temple,
          shapermc_ecumenical_altar_gd, minmay_divided_ellipse

Skill      XL: |  1  2  3  4  5  6 |
---------------+-------------------+-----
Fighting       | 4 5 6 7 |  7.6
Polearms       | |  2.4
Dodging        | |  2.4
Stealth        | |  1.5

Action                   |  1- 3 |  4- 6 || total
-------------------------+-------+-------++-------
Melee: Spear             |   174 |   108 ||   282
       War axe           |       |    56 ||    56
       Punch             |       |     1 ||     1
Throw: Dart              |    10 |     5 ||    15
       Throwing net      |     1 |     1 ||     2
  Use: Scroll            |     1 |     6 ||     7
 Stab: Sleeping          |     3 |       ||     3
       Held in net/web   |     1 |       ||     1
       Invisible         |       |     2 ||     2
Armor: Robe              |     6 |       ||     6
       Ring mail         |    36 |     1 ||    37
       Chain mail        |       |   105 ||   105
Dodge: Dodged            |    70 |    55 ||   125
